Zazza, neutral female human Tourist -------- ------ |<|>..1---d...| |^|-....d@dd..| |.||.```|ddd..| |.||....|.d...| |.|------[----| |.| |.d....| |.------.....)| |........)..[.| |..-----......| ---- -------- Zazza the Sightseer Experience level: 5 Strength: 14 Dexterity: 14 Constitution: 16 Intelligence: 11 Wisdom: 8 Charisma: 14 Health: 0(51) Energy: 19(19) Def: 16 Gold: 238 Moves: 4202 Dungeon seed: oprJmrLtBhqY20IO Game ID: Zazza_1536649613 Your Inventory: Coins $ - 238 gold pieces Weapons a - 26 +2 darts (in quiver) y - 2 +0 daggers F - a +0 long sword (weapon in hand) S - a +1 dagger Armor e - an uncursed +0 Hawaiian shirt (being worn) q - a blessed greased +3 silver dragon scale mail (being worn) N - an uncursed +0 orcish helm (being worn) T - a blessed +1 pair of iron shoes (being worn) Y - a blessed +0 dwarvish cloak (being worn) Comestibles b - 8 uncursed food rations c - 6 uncursed tripe rations f - 2 uncursed carrots l - 4 uncursed eggs C - 5 uncursed slime molds Scrolls o - an uncursed scroll of create monster H - an uncursed scroll of food detection I - a cursed scroll of light R - an uncursed scroll of light Z - 2 uncursed scrolls of earth Spellbooks G - an uncursed spellbook of finger of death Potions r - an uncursed potion of gain ability E - an uncursed potion of fruit juice M - an uncursed potion of hallucination Q - a blessed potion of sickness W - a blessed potion of confusion Rings D - an uncursed ring of slow digestion (on left hand) X - a cursed -1 ring of increase accuracy Wands s - a wand of wishing (0:0) u - a wand of lightning (0:6) w - a wand of cancellation (0:7) x - a wand of cold (0:6) O - a wand of speed monster (0:5) V - a wand of slow monster (0:8) Tools d - a blessed tallow candle (0:200) j - an expensive camera (0:33) k - an uncursed credit card L - the blessed Orb of Fate (0:2) U - an uncursed tallow candle (0:200) Gems z - an uncursed worthless piece of black glass P - an uncursed worthless piece of blue glass Spells and supernatural/magical abilities: Name Level Category Fail Memory W - pray for help -- divine ? -- Your skills at the end: Fighting Skills Weapon Skills dagger [Basic] long sword [Basic] dart [Basic] Spellcasting Skills Final Attributes: You were piously aligned. You were sleep resistant. You were warned. You had slower digestion. You had reflection. You were lucky. You had extra luck. Good luck did not time out for you. You are dead. Vanquished creatures: 4 Woodland-elves a rock piercer 2 shriekers 3 gnome lords a gnomish wizard 2 gray oozes a straw golem a baby crocodile a floating eye 2 dwarves a rothe a giant bat an orc zombie an iguana 5 coyotes a gas spore a hobbit a hobgoblin 3 giant rats a yellow mold a green mold a garter snake a gnome zombie 2 geckos 7 jackals 2 kobolds 3 goblins 3 sewer rats 7 grid bugs 4 lichens a kobold zombie 7 newts 73 creatures vanquished. Voluntary challenges: You had been an atheist until turn 1943. You used a wielded weapon 118 times, starting on turn 778. You read items or engraved 5 times, starting on turn 3. You never genocided any monsters. You never polymorphed an object. You never changed form. You used 2 wishes, starting on turn 878. You wished for your your first artifact on turn 3078. You never split a pudding. You never wrote Elbereth's name. You never violated your personal moral code. Dungeon overview: The Dungeons of Doom: levels 1 to 8 Level 1 a long staircase Level 2 Level 3 a wand shop, a fountain a long staircase Level 4 Level 5 some fountains Level 6 a fountain Level 7 many fountains Level 8 stairs to Sokoban Sokoban: Level 7 <- You were here stairs to The Dungeons of Doom History has recorded: On T:1 you entered the Dungeons of Doom to retrieve the Amulet of Yendor! On T:232 you reached level 2 of The Dungeons of Doom. On T:611 you reached level 3 of The Dungeons of Doom. On T:878 you wished for "blessed greased +3 silver dragon scale mail". On T:1232 you reached level 4 of The Dungeons of Doom. On T:1538 you advanced to experience level 2. On T:1573 you reached level 5 of The Dungeons of Doom. On T:1950 you advanced to experience level 3. On T:2259 you reached level 6 of The Dungeons of Doom. On T:2723 you advanced to experience level 4. On T:2748 you reached level 7 of The Dungeons of Doom. On T:3078 you wished for "blessed Orb of Fate". On T:3106 you reached level 8 of The Dungeons of Doom. On T:3426 you advanced to experience level 5. On T:3583 you reached level 4 of Sokoban. Score breakdown: Gold: 0 ( 0 points) Experience: 5 levels (11141 points) Exploration: 8 levels ( 16.33%) (11456 points) Discoveries: 3 items ( 1.01%) ( 3010 points) Valuables value: (no points given unless you survive) Artifact value: 3500 (12056 points) Variety of kills: 32 monsters ( 8.40%) ( 8694 points) Turncount: 4202 turns (-1097 points) Survival: died (score multiplied by 80%) Total score: 36208 Latest messages: You are surrounded by a shimmering light. The wolf starts to attack you, but pulls back. (4x) The werewolf starts to attack you, but pulls back. The wolf starts to attack you, but pulls back. (4x) The werewolf starts to attack you, but pulls back. The wolf starts to attack you, but pulls back. (4x) The werewolf starts to attack you, but pulls back. You feel that The Lady is well-pleased. The wolf misses. (4x) The werewolf misses. You hit it. The wolf bites! The wolf misses. The wolf bites! (2x) The werewolf bites! You detect the presence of objects. The wolf misses. (4x) The werewolf summons help! The werewolf just misses! The wolf bites! (2x) You die... Final status: Aloha Zazza the Tourist, killed by a wolf... You died in Sokoban on dungeon level 7 with 36208 points, and 238 pieces of gold, after 4202 moves. You were level 5 with a maximum of 51 hit points when you died.